Construct Infanterie Kompanie
Construct Luftwaffe Kompanie
Selects Mechanized Battlegroup
Selects 8 Rad Armored Car
Luftwaffe Officer Quarters
Construct Panzer Kompanie
Selects Panther Heavy Tank
Infanterie Officer Quarters
Selects Zeroing Artillery Barrage
Zeroing Artillery Barrage
Selects Stoßtruppen Assault Package
Zeroing Artillery Barrage